 Dungeon Crawl Stone Soup version 0.26-a0-497-g0187308201 (webtiles) character file.

Game seed: 8071117562540391606

14016 ANON1729 the Covert (level 12, -4/116 HPs)
             Began as a Naga Monk on Aug 6, 2020.
             Was an Elder of Wu Jian.
             Slain by a wight
             ... wielding a +0 dire flail
              (9 damage)
             ... on level 12 of the Dungeon.
             The game lasted 00:37:47 (21447 turns).

ANON1729 the Covert (Naga Monk)                    Turns: 21447, Time: 00:37:48

Health: -4/116     AC:  9    Str: 15    XL:     12   Next: 12%
Magic:  12/12      EV: 15    Int: 11    God:    Wu Jian [****..]
Gold:   687        SH:  0    Dex: 17    Spells: 11/11 levels left

rFire    . . .     SeeInvis +   v - +3 great sword (curse)
rCold    . . .     Faith    +   (shield currently unavailable)
rNeg     . . .     Spirit   .   g - +0 steam dragon scales
rPois    +         Reflect  .   H - +2 hat
rElec    .         Harm     .   (no cloak)
rCorr    .                      m - +0 pair of gloves
MR       +....                  (no barding)
Stlth    ++++++....             j - amulet of faith
HPRegen  0.29/turn              (no ring)
MPRegen  0.13/turn              (no ring)

@: exhausted, drained, very slow
A: large, see invisible, deformed body, poison resistance, slowness 2, spit
poison 1, AC +4
a: Spit Poison, Wall Jump, Serpent's Lash, Renounce Religion


You were on level 12 of the Dungeon.
You worshipped Wu Jian.
Wu Jian was greatly pleased with you.
You visited 2 branches of the dungeon, and saw 13 of its levels.

You collected 687 gold pieces.

Inventory:

Hand Weapons
 a - a +1 falchion
 v - a cursed +3 great sword (weapon)
 C - a +1 great sword
 I - a +0 dagger of speed
Armour
 g - +0 steam dragon scales (worn)
 m - a +0 pair of gloves (worn)
 F - a +0 troll leather armour
 H - a +2 hat (worn)
Jewellery
 j - an amulet of faith (around neck)
Wands
 b - a wand of iceblast (12)
 l - a wand of acid (4)
 D - a wand of digging (6)
Scrolls
 c - 8 scrolls of teleportation
 d - 3 scrolls of remove curse
 e - a scroll of magic mapping
 f - a scroll of blinking {unknown}
 h - a scroll of enchant armour {unknown}
 i - 3 scrolls of enchant weapon
 y - 2 scrolls of amnesia
 B - 6 scrolls of identify
 E - a scroll of torment {unknown}
Potions
 k - 3 potions of brilliance
 n - 3 potions of lignification {unknown}
 o - 2 potions of magic
 p - a potion of haste {unknown}
 q - 2 potions of curing
 r - 2 potions of ambrosia {unknown}
 s - a potion of invisibility {unknown}
 t - 3 potions of flight {unknown}
 w - a potion of heal wounds {unknown}
 z - a potion of stabbing {unknown}
 A - a potion of cancellation
Miscellaneous
 G - a phial of floods (inert)


   Skills:
 + Level 10.2(9.4) Fighting
 + Level 10.2(9.4) Long Blades
 + Level 8.5(7.8) Dodging
 + Level 14.5(13.6) Stealth


You had 11 spell levels left.
You didn't know any spells.
Your spell library contained the following spells:

 Spells                   Type           Power        Failure   Level
 Animate Skeleton         Necr           #.....       34%         1
 Apportation              Tloc           #.....       34%         1
 Corona                   Hex            #......      34%         1
 Foxfire                  Conj/Fire      #...         34%         1
 Summon Small Mammal      Summ           #...         34%         1
 Conjure Flame            Conj/Fire      #.......     71%         3
 Inner Flame              Hex/Fire       #.......     71%         3
 Sticky Flame             Conj/Fire      #.......     98%         4
 Fireball                 Conj/Fire      #.........   100%        5


Dungeon Overview and Level Annotations

Branches:
Dungeon (12/15)            Temple (1/1) D:7            Lair (0/6) D:10
    Orc (0/2) D:9

Altars:
Ashenzari
Cheibriados
Dithmenos
Elyvilon
Fedhas
Gozag
Hepliaklqana
Kikubaaqudgha
Makhleb
Nemelex Xobeh
Okawaru
Qazlal
Ru
Sif Muna
Trog
Uskayaw
Vehumet
Wu Jian
Xom
Yredelemnul
Zin
The Shining One

Shops:
D:6 [   D:9 (   D:11 ==:

Annotations:
D:3 exclusion: wight
D:10 Erica, Erolcha


Innate Abilities, Weirdness & Mutations

You cannot wear boots.
Your serpentine skin is tough. (AC +4)
You have supernaturally acute eyesight. (SInv)
Armour fits poorly on your strangely shaped body.
Your system is resistant to poisons. (rPois)
You cover ground very slowly.
You can spit poison.


Message History

Press: ? - help, Shift-Dir - straight line, f - wight
Aim: a wight, wielding a +0 dire flail and wearing a +0 robe The bolt of acid hits the wight.
The wight is splashed with acid.
The wight is heavily damaged.
Evoke which item? (* to show all) (? for menu, Esc to quit)
Aiming: Corrosive Bolt
Press: ? - help, Shift-Dir - straight line, f/p - wight
Aim: a wight, wielding a +0 dire flail and wearing a +0 robe (heavily damaged)
The bolt of acid hits the wight.
The wight is splashed with acid.
The wight is almost destroyed.
The bolt of acid hits the yak!
The yak is splashed with acid.
The acid corrodes the yak!
The yak is heavily wounded.
Your attack snaps the yak out of its fear.
The bolt of acid hits the wight!
The wight is splashed with acid.
The acid corrodes the wight!
The wight is severely damaged.
Cornered, the yak turns to fight!
The wight hits you with a +0 dire flail!
You die...

..###.......... ............
..####..#...#.............. ....
....)[)).).##.............# ...#
......).....#............# #...#.
####.....................##......
#.#.......................#......
......._...............†.........
............#...........)).......
.......)........@................
......#.........z).##............
.#.#####......##.zY####..........
#### #.....###Y######o...##...#
#.....##..# #.Y...........
#####.....###.Y#.....#....
#....)###...###...# ...
##......YY...###.... .
#......#....# #..#.


You could see 2 yaks and 2 wights.

Vanquished Creatures
  A two-headed ogre (D:11)
  Pikel (D:6)
  A gargoyle (D:12)
  Maggie (D:8)
  2 kobold demonologists
  A hornet (D:11)
  A harpy skeleton (D:11)
  2 trolls
  2 hippogriffs (D:11)
  2 wyverns
  17 yaks
  Sigmund (D:4)
  2 humans (D:11)
  Edmund (D:5)
  A warg (D:9)
  A water moccasin (D:11)
  A porcupine (D:10)
  8 orc warriors
  3 sky beasts
  3 black bears
  5 ogres
  2 ice beasts
  A necrophage (D:7)
  4 centaurs
  A crocodile (D:10)
  A lemure (D:6)
  9 big kobolds
  9 bullfrogs
  A gnoll sergeant (D:9)
  2 wyvern skeletons
  5 scorpions
  2 water moccasin skeletons (D:8)
  10 killer bees (D:10)
  17 wights
  2 howler monkeys
  3 jellies
  9 hounds
  A gnoll shaman (D:8)
  6 orc priests
  9 orc wizards
  2 centaur skeletons (D:5)
  Terence (D:2)
  Ijyb (D:3)
  A bullfrog skeleton (D:12)
  2 iguanas
  Natasha (thrice) (D:3)
  10 worker ants
  A killer bee zombie (D:7)
  3 hound skeletons
  12 gnolls
  A howler monkey skeleton (D:8)
  10 adders
  A shadow imp (D:9)
  2 white imps
  2 ufetubi
  2 oozes
  An adder skeleton (D:9)
  4 dart slugs
  4 leopard geckos
  42 orcs
  A ball python (D:2)
  6 giant cockroaches
  6 goblins
  8 hobgoblins
  7 jackals
  4 quokkas
  13 bats
  5 frilled lizards
  35 kobolds
  A leopard gecko skeleton (D:2)
  A rat (D:2)
343 creatures vanquished.

Vanquished Creatures (others)
  A bat (D:11)
  A kobold (D:11)
  45 fungi (D:10)
  14 plants (D:10)
61 creatures vanquished.

Grand Total: 404 creatures vanquished

Notes
Turn   | Place    | Note
-------+----------+-------------------------------------------
     0 | D:1      | ANON1729 the Naga Monk began the quest for the Orb.
     0 | D:1      | Reached XP level 1. HP: 21/21 MP: 1/1
    51 | D:1      | Reached XP level 2. HP: 22/28 MP: 2/2
   580 | D:1      | Reached XP level 3. HP: 12/34 MP: 3/3
  1196 | D:2      | Reached skill level 4 in Stealth
  1237 | D:2      | Found a hide-covered altar of Uskayaw.
  1324 | D:2      | Found a snail-covered altar of Cheibriados.
  1381 | D:2      | Found a faded altar of an unknown god.
  1573 | D:2      | Noticed Terence
  1583 | D:2      | Killed Terence
  1583 | D:2      | Reached XP level 4. HP: 25/43 MP: 4/4
  1713 | D:2      | Found a shimmering blue altar of Sif Muna.
  1728 | D:2      | Found a white marble altar of Elyvilon.
  1918 | D:3      | Found a shadowy altar of Dithmenos.
  1936 | D:3      | Noticed Ijyb
  1939 | D:3      | Paralysed by Ijyb for 2 turns
  1947 | D:3      | Paralysed by Ijyb for 2 turns
  1951 | D:3      | Paralysed by Ijyb for 6 turns
  1970 | D:3      | Killed Ijyb
  1976 | D:3      | Reached XP level 5. HP: 5/50 MP: 5/5
  2544 | D:3      | Reached skill level 5 in Stealth
  2619 | D:3      | Reached XP level 6. HP: 29/57 MP: 6/6
  2918 | D:3      | Noticed Natasha
  2927 | D:3      | Killed Natasha
  3027 | D:3      | Noticed Natasha
  3037 | D:3      | Killed Natasha
  3191 | D:3      | Noticed Natasha
  3201 | D:3      | Killed Natasha
  4088 | D:4      | Reached skill level 6 in Stealth
  4120 | D:4      | Reached XP level 7. HP: 14/66 MP: 7/7
  4618 | D:4      | Noticed Sigmund
  4621 | D:4      | Killed Sigmund
  4621 | D:4      | Reached skill level 5 in Fighting
  4621 | D:4      | Reached skill level 5 in Long Blades
  4637 | D:4      | Reached skill level 7 in Stealth
  4835 | D:4      | Found a sacrificial altar of Ru.
  5407 | D:5      | Entered Level 5 of the Dungeon
  5558 | D:5      | Found a burning altar of Makhleb.
  5558 | D:5      | Found an opulent altar of Gozag.
  5558 | D:5      | Noticed Edmund
  5571 | D:5      | Reached XP level 8. HP: 21/74 MP: 8/8
  5578 | D:5      | Killed Edmund
  5999 | D:5      | Reached skill level 8 in Stealth
  6007 | D:5      | HP: 3/76 [hound (3)]
  6695 | D:5      | Found a glowing silver altar of Zin.
  6999 | D:6      | Reached skill level 5 in Dodging
  7197 | D:6      | Reached skill level 9 in Stealth
  7463 | D:6      | Found Vilat's Armour Shop.
  7552 | D:6      | Reached XP level 9. HP: 70/84 MP: 9/9
  8311 | D:7      | Found an ancient bone altar of Kikubaaqudgha.
  9115 | D:7      | Found a staircase to the Ecumenical Temple.
  9433 | Temple   | Entered the Ecumenical Temple
  9787 | D:8      | Noticed a kobold demonologist
  9808 | D:8      | Reached skill level 10 in Stealth
  9808 | D:8      | Killed a kobold demonologist
 10463 | D:8      | Noticed Maggie
 10496 | D:8      | HP: 4/85 [Maggie/bolt of fire (20)]
 10501 | D:8      | Killed Maggie
 10501 | D:8      | Reached skill level 11 in Stealth
 10501 | D:8      | Reached XP level 10. HP: 23/96 MP: 10/10
 11622 | D:8      | Found an iron altar of Okawaru.
 11629 | D:8      | Found a blossoming altar of Fedhas.
 11890 | D:6      | Noticed Pikel
 11925 | D:6      | Killed Pikel
 12980 | D:9      | Found an ornate altar of the Wu Jian Council.
 13109 | D:9      | Reached skill level 12 in Stealth
 13631 | D:9      | Found Jerunoon's Weapon Emporium.
 13807 | D:9      | Became a worshipper of the Wu Jian Council
 13807 | D:9      | Reached * piety under Wu Jian
 13807 | D:9      | Reached ** piety under Wu Jian
 14902 | D:9      | Reached XP level 11. HP: 73/104 MP: 11/11
 16193 | D:9      | Found a staircase to the Orcish Mines.
 16671 | D:10     | Entered Level 10 of the Dungeon
 16961 | D:10     | Reached skill level 13 in Stealth
 16961 | D:10     | Reached *** piety under Wu Jian
 18084 | D:10     | Found a staircase to the Lair.
 18492 | D:10     | Found a burning altar of Makhleb.
 18492 | D:10     | Noticed an Executioner
 18512 | D:10     | Noticed Erolcha
 18735 | D:10     | Noticed Erica
 18831 | D:11     | Found an iron altar of Okawaru.
 18974 | D:11     | Noticed a sun demon
 19633 | D:11     | Found Ifoisk's Book Shop.
 19717 | D:11     | Found Lepnaotte's Jewellery Emporium.
 19804 | D:11     | Paralysed by a hornet for 1 turns
 20175 | D:11     | Found Boixab's Jewellery Emporium.
 20209 | D:11     | Noticed a two-headed ogre
 20219 | D:11     | Killed a two-headed ogre
 20520 | D:11     | Reached **** piety under Wu Jian
 20625 | D:11     | Found Ynei's Jewellery Shop.
 20735 | D:11     | Reached skill level 14 in Stealth
 20952 | D:12     | Found an ornate altar of the Wu Jian Council.
 20971 | D:12     | Reached skill level 10 in Fighting
 20972 | D:12     | Reached skill level 10 in Long Blades
 21093 | D:12     | Reached XP level 12. HP: 65/116 MP: 12/12
 21444 | D:12     | HP: 4/116 [yak (9)]
 21447 | D:12     | Slain by a wight

Illustrated notes

Levels and vault maps discovered:
D:1:      co_arrival_square_in_a_square_in_a_square, layout_basic,
          minmay_heptomino_w4
D:2:      minmay_door_path, layout_basic, marbit_many_paths, elyvilon_altar_4,
          nicolae_overflow_crystal_walls, eat_drink_and_be_merry_uskayaw,
          chequers_ecumenical_altar_simple_redux, uniq_terence
D:3:      layout_basic, grunt_dithmenos_smoke, serial_curves, eino_curves_03,
          eino_curves_01, uniq_natasha, uniq_ijyb
D:4:      layout_basic, nicolae_ru_sacrificial_ziggurat, uniq_sigmund
D:5:      layout_basic, grunt_temple_overflow_open, kennysheep_little_box,
          hangedman_minor_gate_pass, uniq_edmund
D:6:      layout_basic, serial_shops, shop, uniq_pikel
D:7:      layout_gridville, kiku_gazebo_garden_becter, minmay_temple_entry_wispy
D:8:      layout_loops_corners, amethyst_overflow_temple_binary, special_room
          [special_room_kobold], uniq_maggie
D:9:      layout_loops_ring, overflow_temple_1_default, david_orc_1_choice,
          serial_shops, shop_fountains, billiards_dpeg
D:10:     layout_basic, due_lair_maze_entry_diamond, makhleb_altar_promises_db,
          uniq_erica, uniq_erolcha, uniq_josephine
D:11:     layout_roguey, serial_shops, shop_fountains,
          nicolae_shop_window_shopping, shop, nicolae_shop_stone,
          roderic_batcave, okawaru_humans
D:12:     layout_cave_pools, basic_altar, uniq_frances
Temple:   compressed_dpeg_triangle_lava_temple

Skill      XL: |  1  2  3  4  5  6  7  8  9 10 11 |
---------------+----------------------------------+-----
Stealth        | 4 5 6 7 9 11 12 14 | 14.5
Dodging        | 3 4 5 6 7 8 |  8.5
Fighting       | 4 5 6 7 8 10 | 10.2
Long Blades    | 4 5 6 7 8 10 | 10.2

Action                   |  1- 3 |  4- 6 |  7- 9 | 10-12 || total
-------------------------+-------+-------+-------+-------++-------
Melee: Falchion          |   110 |   139 |   435 |   798 ||  1482
       Great sword       |       |       |       |   177 ||   177
Invok: Whirlwind         |       |       |       |    98 ||    98
       Lunge             |       |       |       |    38 ||    38
       Serpent's Lash    |       |       |       |     4 ||     4
 Abil: Spit Poison       |     5 |    12 |    12 |    45 ||    74
       Wall Jump         |       |       |       |     8 ||     8
Evoke: Wand              |       |     5 |    20 |     7 ||    32
       Phial of floods   |       |       |       |     1 ||     1
  Use: Potion            |       |     4 |     3 |     1 ||     8
       Scroll            |       |     3 |     7 |     6 ||    16
 Stab: Sleeping          |     5 |     6 |    24 |    21 ||    56
       Paralysed         |       |       |     8 |       ||     8
       Distracted        |       |       |     1 |     1 ||     2
Armor: Robe              |    29 |    25 |    90 |       ||   144
       Steam dragon scal |       |       |       |   305 ||   305
Dodge: Dodged            |    82 |    78 |   272 |   796 ||  1228
       Rpst.: Falchion   |    25 |    23 |    80 |   187 ||   315
       Great sword       |       |       |       |    39 ||    39

Table legend: (Time is in decaauts)
 A = Elapsed time spent in this place.
 B = Non-inter-level travel time spent in this place.
 C = Inter-level travel time spent in this place.
 D = Time resting spent in this place.
 E = Time spent auto-exploring this place.
 F = Levels seen in this place.
 G = Mean time per level.
                   A        B        C        D        E       F      G
               +--------+--------+--------+--------+--------+-----+--------+
         Total |  24503 |  23825 |    678 |  11838 |   8502 |  13 | 1884.8 |
       Dungeon |  24154 |  23484 |    670 |  11838 |   8161 |  12 | 2012.8 |
        Temple |    348 |    341 |      7 |      0 |    341 |   1 |  348.0 |
               +--------+--------+--------+--------+--------+-----+--------+

Top non-repeatable levels by time:
     D:8: 3865 daAuts
     D:9: 3630 daAuts
    D:11: 2312 daAuts
    D:10: 2207 daAuts
     D:4: 2041 daAuts
     D:7: 2011 daAuts
     D:3: 1918 daAuts
     D:5: 1572 daAuts
     D:6: 1511 daAuts
     D:2: 1263 daAuts
     D:1: 1221 daAuts
    D:12: 600 daAuts
  Temple: 348 daAuts
